 Dungeon Crawl Stone Soup version 0.18-a0-775-g4d9e04e (webtiles) character file.

12559 Grim the Warrior (level 11, -4/136 HPs)
             Began as an Ogre Fighter on Dec 13, 2015.
             Was a High Priest of Cheibriados.
             Slain by a troll (12 damage)
             ... on level 11 of the Dungeon.
             The game lasted 00:34:07 (16507 turns).

Grim the Warrior (Ogre Fighter)                    Turns: 16507, Time: 00:34:07

Health: -4/136     AC:  7    Str: 39    XL:     11   Next: 95%
Magic:  11/11      EV: 11    Int: 20    God:    Cheibriados [*****.]
Gold:   891        SH:  0    Dex: 25    Spells: 0 memorised, 10 levels left

rFire  . . .     SeeInvis +     L - +1 giant club
rCold  . . .     Clarity  .     P - +2 troll leather armour
rNeg   . . .     SustAt   .     (shield currently unavailable)
rPois  .         Gourm    .     (helmet restricted)
rElec  .         Spirit   .     (no cloak)
rCorr  .         Dismiss  .     (gloves unavailable)
rMut   .         Stasis   .     (boots unavailable)
MR     +....                    (no amulet)
Stlth  ++........               q - +3 ring of strength
                                f - ring of see invisible

@: flying, very slow, somewhat resistant to hostile enchantments, unstealthy
A: unfitting armour, tough skin 1
a: Bend Time, Temporal Distortion, Slouch, Step From Time, Renounce Religion


You were on level 11 of the Dungeon.
You worshipped Cheibriados.
Cheibriados was extremely pleased with you.
You were hungry.

You visited 2 branches of the dungeon, and saw 12 of its levels.

You collected 891 gold pieces.

Inventory:

Hand Weapons
 D - a +0 flail of crushing
 L - a +1 giant club (weapon)
Armour
 b - a +1 robe
 P - a +2 troll leather armour (worn)
Jewellery
 f - a ring of see invisible (left hand)
 q - a +3 ring of strength (right hand)
 v - an uncursed ring of sustain attributes
 x - an uncursed ring of ice
 E - an uncursed ring of ice
 N - an uncursed ring of protection from cold {unknown}
 O - an uncursed amulet of regeneration {unknown}
Wands
 e - a wand of magic darts (16)
 g - a wand of flame (14)
 u - a wand of lightning (5)
 B - a wand of heal wounds (5)
 K - a wand of teleportation (0)
 M - a wand of polymorph (10)
Scrolls
 a - 3 scrolls of magic mapping
 d - a scroll of blinking {unknown}
 h - 2 scrolls of amnesia
 j - a scroll of acquirement {unknown}
 m - 7 scrolls of identify
 r - 8 scrolls of teleportation
 s - 4 scrolls of noise
 y - a scroll of remove curse
 A - 2 scrolls of recharging
Potions
 i - a potion of agility {unknown}
 k - a potion of magic {unknown}
 l - a potion of brilliance {unknown}
 p - a potion of heal wounds
 t - a potion of ambrosia {unknown}
 w - a potion of cancellation
 z - 4 potions of curing
 F - a potion of cure mutation {unknown}
 G - 2 potions of resistance
 H - 2 potions of invisibility {unknown}
 J - a potion of berserk rage {unknown}
 Q - a potion of might
Books
 R - a Necronomicon

   Spells                             Type                      Level
   a - Haunt                          Necromancy/Summoning         7
   b - Borgnjor's Revivification      Necromancy                   8
   c - Death's Door                   Charms/Necromancy            8
   d - Necromutation                  Transmutation/Necromancy     8
Comestibles
 n - a beef jerky
 o - a slice of pizza
 C - 10 bread rations
 S - 2 chunks of flesh


   Skills:
 + Level 16.4 Fighting
 + Level 16.4 Maces & Flails
 - Level 2.6 Dodging
   Level 2.6 Shields


You had 10 spell levels left.
You didn't know any spells.

Dungeon Overview and Level Annotations

Branches:
Dungeon (11/15)            Temple (1/1) D:6            Lair (0/8) D:10
    Orc (0/2) D:10

Altars:
Cheibriados
Dithmenos
Elyvilon
Fedhas
Gozag
Kikubaaqudgha
Makhleb
Nemelex Xobeh
Okawaru
Pakellas
Qazlal
Ru
Sif Muna
Trog
Vehumet
Xom
Yredelemnul
Zin
The Shining One

Portals:
Bazaar: D:11
Trove: D:11 (give wand of hasting (8))


Innate Abilities, Weirdness & Mutations

You are too large for most types of armour.
You have tough skin (AC +1).


Message History

As you read the scroll labeled BOCEAKK MIBO, it crumbles to dust.
It is a scroll of enchant weapon.
Enchant which weapon? (? for menu, Esc to quit)
Your +0 giant club glows red for a moment.
The troll bites you.
* * * LOW HITPOINT WARNING * * *
The troll claws you!
* * * LOW HITPOINT WARNING * * *
The troll closely misses you. The orc wizard misses you.
Drink which item? (? for menu, Esc to quit)
You feel much better. The troll bites you!
* * * LOW HITPOINT WARNING * * *
The troll claws you!
* * * LOW HITPOINT WARNING * * *
The troll closely misses you.
The orc wizard hits you but does no damage.
Drink which item? (? for menu, Esc to quit)
You feel very buoyant.
You fly up into the air.
The troll bites you!
You die...

...........###*..,,,,,,,,,*
#########.#####.*********,*
....,,,,.#...#..* *,*
####****#.##.#.#* *,* #.##.#.#
***,***** ########.##.#.#
*,,,,,,,*
#.............########.*,***,*
#.#####.##....o....≈≈≈≈≈≈,,*,*
##.# #.##....T@≈≈≈≈≈≈≈≈≈,,⌠,*
...# #.##.#.#.###≈≈≈≈∩,,⌠,,,*
#### #.##.#...# **≈≈≈≈,,,,⌠,*
******#o##.#.#.#* **,≈≈≈≈,,***
*,,,,,.o...o....# *,,,***,*
*,***,oT...##...# *,*** *,*
*,**,,,,...,....#***,* *,*
*,***,,,..,,.....,,,,** *,*
*,* *,,,,,,,,,,,,,,,*,****,*


You could see a troll, an orc wizard and an orc.

Vanquished Creatures
  An unseen horror (D:10)
  2 hill giants (D:8)
  2 deep elf magi
  An ugly thing (D:11)
  Joseph (D:9)
  Psyche (D:8)
  2 guardian mummies (D:11)
  2 trolls (D:9)
  A trapdoor spider zombie (D:10)
  A spriggan (D:7)
  A two-headed ogre (D:9)
  4 wyverns
  3 hippogriffs
  5 yaks (D:9)
  A hungry ghost (D:7)
  A black bear (D:9)
  3 orc warriors
  4 ice beasts
  4 sky beasts
  A wasp (D:9)
  5 phantoms
  5 ogres
  6 centaurs
  A big kobold (D:10)
  7 giant frogs
  A crocodile (D:10)
  3 scorpions
  A water moccasin skeleton (D:7)
  7 killer bees
  2 quasits
  3 wights (D:9)
  9 crimson imps
  A giant frog zombie (D:8)
  3 centaur skeletons
  A gnoll shaman (D:4)
  An iguana (D:4)
  4 jellies
  A giant frog skeleton (D:8)
  6 orc priests
  7 orc wizards
  7 hounds
  8 worker ants
  A hound skeleton (D:6)
  3 hound zombies
  2 worker ant zombies
  8 gnolls
  17 adders
  2 shadow imps (D:9)
  An adder zombie (D:8)
  6 worms
  2 adder skeletons (D:8)
  30 orcs
  6 giant cockroaches
  10 goblins
  8 hobgoblins
  10 jackals
  3 quokkas
  2 ball pythons
  A ball python zombie (D:5)
  8 bats
  12 giant geckos
  2 giant gecko skeletons
  6 giant newts
  13 kobolds
  A quokka skeleton (D:6)
  9 rats
  A spectral orc (D:4)
294 creatures vanquished.

Vanquished Creatures (others)
  A bat (D:1)
  A jackal (D:8)
2 creatures vanquished.

Grand Total: 296 creatures vanquished

Notes
Turn   | Place    | Note
--------------------------------------------------------------
     0 | D:1      | Grim the Ogre Fighter began the quest for the Orb.
     0 | D:1      | Reached XP level 1. HP: 24/24 MP: 1/1
    48 | D:1      | HP: 1/24 [jackal (3)]
    49 | D:1      | Reached XP level 2. HP: 1/33 MP: 2/2
   542 | D:1      | Reached XP level 3. HP: 31/41 MP: 3/3
  1090 | D:1      | Reached skill level 5 in Fighting
  1831 | D:2      | Found an opulent altar of Gozag.
  1870 | D:2      | Reached XP level 4. HP: 20/50 MP: 4/4
  2447 | D:2      | Found a sacrificial altar of Ru.
  3202 | D:3      | Reached skill level 5 in Maces & Flails
  3202 | D:3      | Reached XP level 5. HP: 24/59 MP: 5/5
  3604 | D:3      | Reached skill level 6 in Fighting
  4184 | D:4      | Reached XP level 6. HP: 31/68 MP: 6/6
  4702 | D:4      | Reached skill level 7 in Fighting
  5241 | D:4      | Found a basalt altar of Yredelemnul.
  5603 | D:4      | Reached XP level 7. HP: 62/79 MP: 7/7
  5746 | D:4      | Reached skill level 8 in Fighting
  5989 | D:5      | Entered Level 5 of the Dungeon
  6670 | D:5      | Found a sparkling altar of Nemelex Xobeh.
  7023 | D:5      | Reached XP level 8. HP: 87/91 MP: 8/8
  7107 | D:6      | Reached skill level 9 in Fighting
  7638 | D:6      | Found a staircase to the Ecumenical Temple.
  7866 | D:6      | Reached skill level 10 in Fighting
  7939 | Temple   | Entered the Ecumenical Temple
  7951 | Temple   | Became a worshipper of Cheibriados the Contemplative
  8264 | D:6      | Reached skill level 10 in Maces & Flails
  8562 | D:7      | Reached XP level 9. HP: 86/102 MP: 9/9
  8568 | D:7      | Reached skill level 11 in Fighting
  9089 | D:7      | Reached * piety under Cheibriados
  9629 | D:7      | Reached skill level 12 in Fighting
  9731 | D:8      | Found an oddly glowing altar of Pakellas.
 10084 | D:8      | Noticed a hill giant
 10099 | D:8      | Killed a hill giant
 10099 | D:8      | Reached ** piety under Cheibriados
 10099 | D:8      | Reached XP level 10. HP: 66/118 MP: 10/10
 10107 | D:8      | Reached skill level 13 in Fighting
 10564 | D:8      | Noticed a moth of wrath
 10797 | D:8      | Found a bloodstained altar of Trog.
 11348 | D:8      | Found a deep blue altar of Sif Muna.
 11733 | D:8      | Noticed a hill giant
 11733 | D:8      | Noticed Psyche
 11742 | D:8      | Killed a hill giant
 12559 | D:8      | Paralysed by Psyche for 2 turns
 12562 | D:8      | Killed Psyche
 12594 | D:8      | Reached skill level 14 in Fighting
 12619 | D:8      | HP: 5/122 [wyvern (17)]
 12967 | D:8      | Reached *** piety under Cheibriados
 13229 | D:8      | Noticed an ice dragon
 13538 | D:9      | Reached XP level 11. HP: 56/131 MP: 11/11
 13906 | D:9      | Reached **** piety under Cheibriados
 14147 | D:9      | Noticed Joseph
 14336 | D:9      | Reached skill level 15 in Fighting
 14417 | D:9      | Reached skill level 15 in Maces & Flails
 14603 | D:9      | Killed Joseph
 14744 | D:9      | Got a pair of jewelled boots
 15000 | D:9      | Reached ***** piety under Cheibriados
 15407 | D:10     | Entered Level 10 of the Dungeon
 15590 | D:10     | Found a staircase to the Orcish Mines.
 15591 | D:10     | Found a staircase to the Lair.
 15928 | D:10     | Noticed an unseen horror
 15929 | D:10     | Killed an unseen horror
 15952 | D:10     | Noticed a deep elf mage
 15963 | D:10     | Killed a deep elf mage
 15963 | D:10     | Reached skill level 16 in Fighting
 16282 | D:11     | Found a white marble altar of Elyvilon.
 16412 | D:11     | Found a portal to a secret trove of treasure.
 16504 | D:11     | Found a flickering gateway to a bazaar.
 16507 | D:11     | Slain by a troll

Vault maps used:
D:1:      minmay_arrival_three_doors, lemuel_old_faithful
D:2:      nicolae_overflow_crystal_walls, st_stairs_7, nrook_uturn,
          nicolae_gozag_cash_rules_everything_around_me
D:3:      grunt_ministairs_12
D:4:      yredelemnul_forgotten_temple_becter, first_bread, minmay_misc_feat_chi
D:5:      kennysheep_mini
D:6:      minmay_temple_entry_glass
D:7:      the_bakery
D:8:      kennysheep_blocky_room, nicolae_overflow_hidden_temple, basic_altar,
          tgw_trog, uniq_psyche
D:9:      forest_paths, minivault_1, uniq_joseph
D:10:     lair_0_dummy, orc_0_dummy
D:11:     serial_shops, bzr_entry_lakeside, nicolae_trove_entry_path_of_doom,
          minmay_crystal_water, elyvilon_altar_5
Temple:   nicolae_temple_x_marks_the_god_16

Action                   |  1- 3 |  4- 6 |  7- 9 | 10-12 || total
-------------------------+-------+-------+-------+-------++-------
Melee: Flail             |   119 |   209 |   285 |   333 ||   946
       Giant club        |       |       |       |    96 ||    96
       Unarmed           |       |       |       |    10 ||    10
Invok: Bend Time         |       |       |       |     1 ||     1
Evoke: Wand              |       |       |       |     6 ||     6
  Use: Scroll            |       |    16 |       |    12 ||    28
       Potion            |       |     2 |     4 |     5 ||    11
 Stab: Sleeping          |     1 |     1 |       |     1 ||     3
       Distracted        |       |       |       |     1 ||     1
       Fleeing           |       |       |       |     1 ||     1
  Eat: Chunk             |     3 |     5 |     5 |     2 ||    15
       Bread ration      |       |     1 |       |     1 ||     2
       Meat ration       |       |     1 |     3 |       ||     4
       Fruit             |       |       |       |     2 ||     2
